 Dungeon Crawl Stone Soup version 0.31-a0-986-g5e6e4ef867 (webtiles) character file.

Game seed: 17921523328616382641

214 timneilson the Shield-Bearer (level 5, -11/33 HPs)
             Began as a Gargoyle Fighter on Nov 3, 2023.
             Mangled by an ogre
             ... wielding a +0 giant spiked club
              (24 damage)
             ... on level 4 of the Dungeon.
             The game lasted 00:03:44 (2506 turns).

timneilson the Shield-Bearer (Gargoyle Fighter)     Turns: 2506, Time: 00:03:45

Health: -11/33     AC: 13    Str: 22    XL:     5   Next: 91%
Magic:  5/5        EV:  8    Int:  8    God:
Gold:   318        SH:  5    Dex:  9    Spells: 4/4 levels left

rFire   . . .        a - +0 long sword
rCold   . . .        c - +1 buckler
rNeg    + . .        k - +0 chain mail
rPois   ∞            (no helmet)
rElec   +            (no cloak)
rCorr   .            (no gloves)
SInv    .            (no boots)
Will    .....        (no amulet) Stlth
                     (no ring)
HPRegen 0.25/turn    (no ring)
MPRegen 0.09/turn

%: no passive effects
@: mighty
A: sickness immunity, AC +4, negative energy resistance 1, electricity
resistance, torment resistance 1, petrification resistance
a: no special abilities


You were on level 4 of the Dungeon.
You visited 1 branch of the dungeon, and saw 4 of its levels.

You collected 318 gold pieces.

Inventory:

Hand Weapons
 a - a +0 long sword (weapon)
Armour
 c - a +1 buckler (worn)
 k - a +0 chain mail (worn)
Jewellery
 o - an amulet of regeneration
Wands
 e - a wand of charming (12)
 l - a wand of roots (13)
Scrolls
 b - a scroll of vulnerability {unknown}
 f - a scroll of fog
 g - 3 scrolls of identify
 h - a scroll of silence {unknown}
 n - a scroll of fear
Potions
 d - 2 potions of might
 i - 4 potions of curing {unknown}
 j - 2 potions of heal wounds {unknown}
 m - a potion of mutation {unknown}


   Skills:
 + Level 3.9 Fighting
 * Level 3.0 Long Blades
 * Level 4.3 Armour
 + Level 1.1 Dodging
 * Level 4.5 Shields
 + Level 0.7 Evocations


You had 4 spell levels left.
You didn't know any spells.
Your spell library was empty.

Dungeon Overview and Level Annotations

Branches:
Dungeon (4/15)
 Temple: D:4-7

Altars:
Dithmenos
Trog
Vehumet
The Shining One

Annotations:
D:3 1 runed translucent door, Tollund's ghost, amateur MiHu


Innate Abilities, Weirdness & Mutations

You are immune to sickness and miasma.
Your stone body is resilient. (AC +4)
You are immune to poison.
You resist negative energy. (rN+)
You are resistant to electric shocks. (rElec)
You are resistant to unholy torment.
You are immune to petrification.


Message History

The ball python constricts you.
You closely miss the ball python.
The ball python bites you but does no damage.
The ball python constricts you.
You hit the ball python.
The ball python is severely wounded.
The ball python bites you. The ball python constricts you.
The ball python bites you. The ball python constricts you.
You hit the ball python.
You kill the ball python!
An ogre comes into view. It is wielding a +0 giant spiked club.
You hit the ogre.
The ogre is lightly wounded.
The ogre hits you with a +0 giant spiked club!
You hit the ogre.
The ogre is moderately wounded.
The ogre barely misses you.
You hit the ogre.
The ogre is moderately wounded.
The ogre hits you with a +0 giant spiked club!
You are too injured to fight recklessly!
You are too injured to fight recklessly!
You are too injured to fight recklessly!
You are too injured to fight recklessly!
You are too injured to fight recklessly!
You are too injured to fight recklessly!
You are too injured to fight recklessly!
You are too injured to fight recklessly!
You are too injured to fight recklessly!
You are too injured to fight recklessly!
You are too injured to fight recklessly!
You are too injured to fight recklessly!
You are too injured to fight recklessly!
Unknown command.
You feel very mighty all of a sudden.
You slash the ogre!
The ogre is severely wounded.
The ogre hits you with a +0 giant spiked club!!
Ouch! That really hurt!
You die...

#.....#._.#............
###.....#...#............
#..##...#≈≈≈#............
##...#...#...#......<.....
#.(......#._.#............
#..#.#..##...#....#...'###
####.....+####..#.....#...
##.##..# #.##...#.#.##
#####@# ########.#... #O#
#.###. ..# )##... .### #
##.# ## #.# #.. ...##


You could see an ogre.

Vanquished Creatures
  A scorpion (D:4)
  A hound (D:4)
  3 adders (D:2)
  4 gnolls (D:3)
  An orc (D:4)
  5 ball pythons
  6 endoplasms
  4 goblins
  7 hobgoblins
  3 jackals (D:2)
  3 kobolds
  6 quokkas
  7 bats
  3 frilled lizards
  5 rats
59 creatures vanquished.

Notes
Turn   | Place    | Note
-------+----------+-------------------------------------------
     0 | D:1      | timneilson the Gargoyle Fighter began the quest for the
                  | Orb.
     0 | D:1      | Reached XP level 1. HP: 14/14 MP: 1/1
    70 | D:1      | Reached XP level 2. HP: 19/19 MP: 2/2
    74 | D:1      | Found a faded altar of an unknown god.
   667 | D:2      | Reached XP level 3. HP: 23/23 MP: 3/3
   798 | D:2      | Reached XP level 4. HP: 20/28 MP: 4/4
  1248 | D:3      | Found a glowing golden altar of the Shining One.
  1439 | D:3      | Found a runed translucent door.
  1440 | D:3      | Noticed Tollund's ghost (amateur MiHu)
  2016 | D:4      | Reached skill level 1 in Dodging
  2016 | D:4      | Reached XP level 5. HP: 28/33 MP: 5/5
  2427 | D:4      | Found a bloodstained altar of Trog.
  2470 | D:4      | Found a shadowy altar of Dithmenos.
  2470 | D:4      | Found a radiant altar of Vehumet.
  2501 | D:4      | Noticed an ogre
  2506 | D:4      | Mangled by an ogre

Illustrated notes

Levels and vault maps discovered:
D:1:      beargit_arrival_greenhouse, layout_basic,
          shapermc_ecumenical_altar_venn
D:2:      layout_basic, minmay_misc_feat_four_crosses, minmay_heptomino_h4
D:3:      layout_loops_ring, mainiacjoe_overflow_alcove_2, ebering_ghost_sewer_d
D:4:      layout_cave_pools, mainiacjoe_overflow_swirl,
          mainiacjoe_overflow_divided_tiny, minmay_temple_entry_nine_rooms,
          chequers_serial_rivers_small_b

Skill      XL: |  1  2  3  4  5 |
---------------+----------------+-----
Long Blades    | 2 3 |  3.0
Shields        | 4 |  4.5
Armour         | 4 |  4.3
Dodging        | 1 |  1.1
Fighting       | |  3.9
Evocations     | |  0.7

Action                     |  1- 3 |  4- 6 || total
---------------------------+-------+-------++-------
  Melee: Long sword        |   121 |   147 ||   268
    Use: Scroll            |     1 |     3 ||     4
         Potion            |       |     1 ||     1
 Armour: Scale mail        |   106 |    50 ||   156
         Chain mail        |       |    66 ||    66
  Dodge: Dodged            |    79 |    74 ||   153
  Block: Buckler           |    25 |    34 ||    59

Table legend: (Time is in decaauts)
 A = Elapsed time spent in this place.
 B = Non-inter-level travel time spent in this place.
 C = Inter-level travel time spent in this place.
 D = Time resting spent in this place.
 E = Time spent auto-exploring this place.
 F = Levels seen in this place.
 G = Mean time per level.
                   A        B        C        D        E       F      G
               +--------+--------+--------+--------+--------+-----+--------+
         Total |   2587 |   2524 |     63 |      0 |   1905 |   4 |  646.8 |
       Dungeon |   2587 |   2524 |     63 |      0 |   1905 |   4 |  646.8 |
               +--------+--------+--------+--------+--------+-----+--------+

Top non-repeatable levels by time:
     D:3: 852 daAuts
     D:2: 697 daAuts
     D:4: 584 daAuts
     D:1: 452 daAuts
